 Dungeon Crawl Stone Soup version 0.29-a0-1043-g569b05d6ff (webtiles) character file.

Game seed: 8470165675684744304

94993 zishaf the Fighter (level 16, -12/121 HPs)
             Began as a Djinni Venom Mage on Aug 15, 2022.
             Was the Champion of Makhleb.
             Mangled by an ettin
             ... wielding a +0 dire flail
              (32 damage)
             ... on level 2 of the Orcish Mines.
             The game lasted 01:08:38 (23372 turns).

zishaf the Fighter (Djinni Venom Mage)             Turns: 23372, Time: 01:08:40

Health: -12/121    AC: 13    Str: 10    XL:     16   Next: 61%
Gold:   1664       EV: 10    Int: 22    God:    Makhleb [******] SH:  9 Dex: 18

rFire   + + .      SeeInvis .   c - +7 Singing Sword {vorpal, sonic wave}
rCold   . . .      Faith    .   T - +0 kite shield {rN+}
rNeg    + . .      Spirit   .   A - +3 leather armour of Ru, Dripping {Regen+ rCorr Int-3}
rPois   ∞          Reflect  .   o - +0 helmet
rElec   .          Harm     .   h - +1 cloak
rCorr   +          Rampage  .   (no gloves)
Will    +....                   (boots unavailable)
Stlth   +++.......              J - amulet "Letogioq" {RegenMP Str+3 Dex+4 Stlth+}
HPRegen 1.10/turn               P - ring of protection from cold
MPRegen 0.00/turn               Q - +4 ring of protection

@: flying
A: sickness immunity, fire resistance 2, cold vulnerability 1, float, innate
caster, HP casting, extra vitality 1
a: Renounce Religion, Minor Destruction, Lesser Servant of Makhleb, Major
Destruction, Greater Servant of Makhleb


You were on level 2 of the Orcish Mines.
You worshipped Makhleb.
Makhleb was exalted by your worship.
You visited 4 branches of the dungeon, and saw 23 of its levels.
You visited the Abyss 1 time.

You collected 2598 gold pieces.
You spent 934 gold pieces at shops.

Inventory:

Hand Weapons
 c - the +7 Singing Sword (weapon) {vorpal, sonic wave}
   (You found it on level 4 of the Dungeon)

   It inflicts extra damage upon your enemies.
   It radiates damaging sonic waves as it strikes, especially in combat
   involving dangerous or numerous foes.
Armour
 a - a +0 robe
 h - a +1 cloak (worn)
 o - a +0 helmet (worn)
 A - the +3 leather armour of Ru, Dripping (worn) {Regen+ rCorr Int-3}
   (You bought it in a shop on level 6 of the Dungeon)

   Int:       It affects your intelligence (-3).
   Regen:     It increases your rate of health regeneration.
   rCorr:     It protects you from acid and corrosion.
 N - +0 steam dragon scales
 R - a +2 scale mail of cold resistance
 T - a +0 kite shield of positive energy (worn)
Jewellery
 d - a ring of fire
 n - a +6 ring of strength
 p - an amulet of the acrobat
 s - a +4 ring of evasion
 x - a ring of fire
 J - the amulet "Letogioq" (around neck) {RegenMP Str+3 Dex+4 Stlth+}
   (You found it on level 10 of the Dungeon)

   [amulet of magic regeneration]

   It increases your rate of magic regeneration.
   Str:       It affects your strength (+3).
   Dex:       It affects your dexterity (+4).
   Stlth:     It makes you more stealthy.
 O - a ring of willpower
 P - a ring of protection from cold (left hand)
 Q - a +4 ring of protection (right hand)
Wands
 t - a wand of roots (16)
 v - a wand of light (11)
 E - a wand of charming (10)
 H - a wand of polymorph (9)
Scrolls
 b - 3 scrolls of enchant weapon
 g - 4 scrolls of enchant armour
 l - 2 scrolls of brand weapon
 q - 3 scrolls of magic mapping
 y - 2 scrolls of fear
 z - 3 scrolls of blinking
 B - 2 scrolls of summoning
 D - 4 scrolls of teleportation
 F - 2 scrolls of silence
 G - 3 scrolls of poison
 S - a scroll of identify
Potions
 e - 3 potions of invisibility
 f - 3 potions of might
 i - 4 potions of haste
 j - 11 potions of curing
 k - 5 potions of ambrosia
 m - 2 potions of cancellation
 r - 4 potions of resistance
 u - 2 potions of lignification
 w - 6 potions of heal wounds
 I - 2 potions of mutation
 L - 3 potions of brilliance
Miscellaneous
 K - a phantom mirror
 M - a tin of tremorstones (2/2)


   Skills:
 + Level 13.4 Fighting
 - Level 11.6 Long Blades
 - Level 2.1 Dodging
 - Level 1.5 Stealth
 + Level 2.6 Shields
 + Level 12.7 Spellcasting
 + Level 12.9 Invocations
 - Level 8.0 Evocations


You had 6 spell levels left.
You knew the following spells:

 Your Spells              Type           Power      Damage    Failure   Level
a - Sting                 Tmut/Pois      100%       1d8       1%          1
b - Poisonous Vapours     Pois/Air       100%       N/A       1%          2
c - Stone Arrow           Conj/Erth      100%       3d13      1%          3
d - Gell's Gravitas       Tloc           63%        N/A       1%          3
e - Shock                 Conj/Air       100%       1d9       1%          1
f - Death Channel         Necr           31%        N/A       17%         6
z - Mephitic Cloud        Conj/Pois/Air  63%        N/A       1%          3
A - Olgreb's Toxic Radia  Pois           63%        N/A       1%          4
B - Blink                 Tloc           100%       N/A       1%          2
C - Summon Lightning Spi  Summ/Air       63%        N/A       1%          4
D - Summon Forest         Summ/Tloc      31%        N/A       3%          5
Your spell library was empty.

Dungeon Overview and Level Annotations

Branches:
Dungeon (15/15)            Temple (1/1) D:4            Lair (5/5) D:10
  Swamp (0/4) Lair:3       Spider (0/4) Lair:3        Slime (0/5) Lair:4
    Orc (2/2) D:9             Elf (0/3) Orc:2        Vaults (0/5) D:14
 Depths (0/4) D:15

Altars:
Ashenzari
Cheibriados
Dithmenos
Elyvilon
Fedhas
Gozag
Hepliaklqana
Makhleb
Nemelex Xobeh
Okawaru
Qazlal
Ru
Trog
Uskayaw
Wu Jian
Xom
Yredelemnul
Zin
The Shining One
Jiyva

Shops:
D:2 ?   D:4 ([?!(   D:6 ==[**(   D:9 *   Orc:1 [   Orc:2 *[

Annotations:
D:9 4 transporters
D:11 2 transporters, ragingrage's ghost, journeyman MfGl


Innate Abilities, Weirdness & Mutations

You are immune to sickness and miasma.
You are immune to poison.
Your flesh is very heat resistant. (rF++)
You are vulnerable to cold. (rC-)
You float through the air rather than walking.
You learn spells naturally, not from books.
Your magical power is your life essence.
You have superior vitality. (+4 MHP)


Message History

The ball explodes into a vile cloud!
The stinking cloud engulfs the ettin but does no damage.
The ettin is lightly wounded.
The stinking cloud engulfs the cyclops but does no damage.
The cyclops is lightly wounded.
The stinking cloud engulfs the cyclops but does no damage.
The cyclops is lightly wounded.
The ettin looks even sicker.
The cyclops looks even sicker.
Your toxic aura wanes.
You hear a shout!
You hear two shouts!
You hear a shout!
The cyclops is engulfed in noxious fumes. x2
The ettin is engulfed in noxious fumes.
A nearby fungus withers and dies.
The cyclops is engulfed in noxious fumes.
The cyclops appears confused.
The cyclops is engulfed in noxious fumes.
The ettin is engulfed in noxious fumes.
The ettin attacks as you move away!
The ettin hits you with a +0 dire flail.
The ettin hits you with a +0 dire flail!!
Casting: Mephitic Cloud (safe; 1% risk of failure)
Confirm with . or Enter, or press ? or * to list all spells.
Aiming: Mephitic Cloud (safe; 1% risk of failure)
Press: ? - help, Shift-Dir - straight line, f/p - ettin
Aim: an ettin, wielding two +0 dire flails (lightly wounded, very poisoned, chance to affect: 43%)
The ball explodes into a vile cloud!
The stinking cloud engulfs the ettin but does no damage.
The ettin is lightly wounded.
The stinking cloud engulfs you but does no damage.
The stinking cloud engulfs the cyclops but does no damage.
The cyclops is lightly wounded.
You hear a shout!
You hear two shouts!
You hear a shout! x2
The cyclops is engulfed in noxious fumes.
The cyclops asks, "Where am I?"
The cyclops hits you but does no damage.
The cyclops throws a large rock.
The large rock hits you!!
* * * LOW HITPOINT WARNING * * *
The ettin is engulfed in noxious fumes.
The ettin hits you with a +0 dire flail!!
You die...

,.............,,,*,,,,,,,,,**
,,#.......P...........,,,,,,*
,,*#..........#...$...,,,,,,**
,****#<.#**,........#,,**,,,,* ,*
##.###*,,......###**,,,,** **
##....##*##.......#*,,,,,***
***#......###......###*,,,,,,,**
,*^#.......###§☼§....#..,,,,,,,*
,*#...........§C@.......,,,,,,***
,,#...........§C○.......,,*,,,**,
,...$.......P☼§§C...<...,,*,,,,*,
....#......P.○§☼.P......,***,,,,*
.......#..PP.☼☼.........,***,,,,*
*#.........8....P.......,,,*,,,,*
,*..............PP......,,,,,,,,*
,,,,,.....P..∩.........#*,∩,,,,**
,,,,,,,,,,,,,,,,,,,,****,*,,,***


You could see an ettin (very poisoned) and 2 cyclopes.

Vanquished Creatures
  Rupert (D:14)
  A very ugly thing (D:14)
  A green death (Abyss:2)
  The ghost of flotson the Fighter, a journeyman DsDe of Gozag (D:10)
  3 boulder beetles
  5 hydras
  An ogre mage (D:14)
  A rakshasa (D:15)
  Erica (D:11)
  2 centaur warriors
  13 two-headed ogres
  3 tengu warriors (D:14)
  A skeletal warrior (D:13)
  Amaemon (Lair:3)
  A fire crab (Lair:5)
  A glowing orange brain (D:15)
  2 wizards
  Pikel (D:7)
  An orc knight (D:15)
  2 deep elf pyromancers
  A necromancer (D:14)
  2 orc sorcerers
  4 manticores
  6 cyclopes
  The ghost of Heh the Ducker, a novice OpGl (D:4)
  A wolf spider (D:14)
  2 large abominations (Abyss:3)
  3 ugly things
  A worldbinder (Abyss:3)
  Joseph (D:7)
  7 elephants
  A guardian serpent (shapeshifter) (D:15)
  An apocalypse crab (Abyss:3)
  8 black mambas
  2 molten gargoyles (Lair:5)
  8 cane toads
  2 rime drakes
  A gargoyle (D:13)
  10 komodo dragons
  2 yaktaurs
  2 tengu conjurers (D:14)
  2 efreet
  2 freezing wraiths
  4 trolls
  A meliai (shapeshifter) (D:14)
  A polar bear (Lair:2)
  A queen bee (Lair:4)
  3 meliai (Lair:4)
  A polar bear (shapeshifter) (D:15)
  8 slime creatures
  7 blink frogs (Lair:2)
  3 dream sheep
  A jumping spider (Lair:3)
  7 wraiths
  38 yaks
  A shadow (D:11)
  Sigmund (D:4)
  A ynoxinul (Abyss:3)
  2 vampires
  5 wyverns
  7 basilisks
  A fire bat (shapeshifter) (D:14)
  2 yaks (shapeshifter)
  A basilisk (shapeshifter) (D:13)
  3 steam dragons
  20 vampire mosquitoes
  Edmund (D:6)
  Menkaure (D:4)
  A naga (shapeshifter) (D:15)
  A small abomination (Abyss:3)
  6 water moccasins
  6 hell hounds
  14 orc warriors
  An ice beast (D:4)
  2 black bears
  A sky beast (D:10)
  2 ogres
  13 wolves
  9 centaurs
  4 lemures
  A kobold brigand (D:11)
  A phantom (D:5)
  9 bullfrogs
  A necrophage (D:5)
  10 scorpions
  25 killer bees
  4 howler monkeys
  6 lava snakes
  4 starcursed masses (Abyss:3)
  A quasit (Abyss:2)
  A jelly (D:7)
  14 orc priests
  Crazy Yiuf (D:2)
  3 hounds
  5 iguanas
  16 orc wizards
  2 centaur simulacra (D:4)
  A boggart simulacrum (D:14)
  A scorpion simulacrum (D:4)
  8 gnolls
  8 adders
  A white imp (D:7)
  A worm (D:5)
  5 dart slugs
  3 adder simulacra (D:4)
  50 orcs
  5 ball pythons
  5 endoplasms
  3 giant cockroaches
  4 goblins
  9 hobgoblins
  6 jackals
  3 quokkas (D:1)
  6 bats
  4 frilled lizards
  9 kobolds
  4 rats
  A lurking horror (Abyss:2)
  A snaplasher vine (D:14)
536 creatures vanquished.

Vanquished Creatures (collateral kills)
  Snorg (D:11)
  A fire dragon (Lair:5)
  A boulder beetle (Lair:3)
  A rakshasa (D:15)
  A hydra (Lair:1)
  3 centaur warriors
  A catoblepas (Lair:2)
  A death knight (D:14)
  A skeletal warrior (D:14)
  A deep troll (shapeshifter) (D:15)
  A deep elf pyromancer (D:14)
  2 ugly things
  2 cyclopes
  A manticore (D:14)
  3 elephants
  2 black mambas
  An orange demon (Lair:3)
  A cane toad (Lair:1)
  4 yaktaurs (D:15)
  An efreet (D:14)
  6 slime creatures
  3 dream sheep (Lair:4)
  A wyvern (D:10)
  A basilisk (Lair:1)
  31 yaks
  Grum (D:10)
  2 vampire mosquitoes (D:15)
  A water moccasin (Lair:5)
  A wolf (D:10)
  A centaur (D:13)
  3 bullfrogs
  A gnoll sergeant (D:13)
82 creatures vanquished.

Vanquished Creatures (others)
  An orc wizard (D:3)
  76 fungi
  68 plants
  2 snaplasher vines (Lair:2)
147 creatures vanquished.

Grand Total: 765 creatures vanquished

Notes
Turn   | Place    | Note
-------+----------+-------------------------------------------
     0 | D:1      | zishaf the Djinni Venom Mage began the quest for the Orb.
     0 | D:1      | zishaf set off with the following spells memorised: Sting,
                  | Poisonous Vapours, Mephitic Cloud, Olgreb's Toxic Radiance.
     0 | D:1      | Reached XP level 1. HP: 15/15 MP: 0/0
   209 | D:1      | Reached XP level 2. HP: 13/22 MP: 0/0
   215 | D:1      | Reached skill level 1 in Fighting
   490 | D:1      | Found a faded altar of an unknown god.
   504 | D:1      | Reached XP level 3. HP: 17/27 MP: 0/0
   504 | D:1      | Learned a level 1 spell: Shock
  1610 | D:2      | Found Moumal's Magic Scroll Shop.
  1679 | D:2      | Reached XP level 4. HP: 21/32 MP: 0/0
  1938 | D:2      | Found a runed translucent door.
  1939 | D:2      | Noticed Crazy Yiuf
  2411 | D:2      | Killed Crazy Yiuf
  2412 | D:2      | Reached skill level 2 in Fighting
  2660 | D:3      | Reached XP level 5. HP: 32/38 MP: 0/0
  2660 | D:3      | Learned a level 2 spell: Blink
  3789 | D:4      | Noticed Menkaure
  4079 | D:4      | Found Kodev's Antique Weapon Boutique.
  4079 | D:4      | Noticed Sigmund
  4089 | D:4      | Killed Sigmund
  4090 | D:4      | Reached skill level 3 in Fighting
  4090 | D:4      | Reached XP level 6. HP: 36/46 MP: 0/0
  4258 | D:4      | Found Saovyd's Distillery.
  4269 | D:4      | Found a staircase to the Ecumenical Temple.
  4277 | Temple   | Entered the Ecumenical Temple
  4382 | Temple   | Became a worshipper of Makhleb the Destroyer
  4420 | D:4      | Noticed Heh's ghost (novice OpGl)
  4421 | D:4      | Noticed an ice beast
  4469 | D:4      | Found Minneudo's Armour Shop.
  4491 | D:4      | Reached XP level 7. HP: 34/50 MP: 0/0
  4491 | D:4      | Learned a level 3 spell: Stone Arrow
  4599 | D:4      | Killed Menkaure
  4600 | D:4      | Reached skill level 5 in Spellcasting
  4600 | D:4      | Reached skill level 1 in Invocations
  4877 | D:4      | Found a runed translucent gate.
  4877 | D:4      | Found a runed translucent gate.
  4877 | D:4      | Found a runed translucent gate.
  4907 | D:4      | Found Wiagiqiyf's Magic Scroll Emporium.
  4932 | D:4      | Found Rengally's Weapon Shop.
  5003 | D:4      | Found a hide-covered altar of Uskayaw.
  5003 | D:4      | Found a broken altar of Ashenzari.
  5286 | D:4      | Reached skill level 4 in Fighting
  5315 | D:4      | Reached XP level 8. HP: 27/58 MP: 0/0
  5532 | D:4      | Found the +7 Singing Sword {vorpal, sonic wave}
  5923 | D:4      | Killed Heh's ghost
  5924 | D:4      | Reached skill level 1 in Long Blades
  6101 | D:4      | Reached skill level 5 in Fighting
  6262 | D:5      | Entered Level 5 of the Dungeon
  6290 | D:5      | Reached XP level 9. HP: 45/65 MP: 0/0
  6290 | D:5      | Learned a level 3 spell: Gell's Gravitas
  6658 | D:5      | Reached * piety under Makhleb
  6998 | D:5      | Found a hazy altar of Hepliaklqana.
  7698 | D:6      | Found Botutuun's Antique Weapon Emporium.
  7951 | D:6      | Reached skill level 6 in Fighting
  8082 | D:6      | Noticed Edmund
  8095 | D:6      | Killed Edmund
  8173 | D:6      | Reached ** piety under Makhleb
  8229 | D:6      | Found Unkanehu's General Store.
  8238 | D:6      | Found Neth's Assorted Antiques.
  8240 | D:6      | Found Agimnuyxt's Antique Armour Shoppe.
  8241 | D:6      | Found Goxuirr's Jewellery Shoppe.
  8242 | D:6      | Found Wybbyesk's Jewellery Shoppe.
  8714 | D:7      | Noticed Pikel
  8719 | D:7      | Reached skill level 5 in Invocations
  8719 | D:7      | Reached XP level 10. HP: 69/72 MP: 0/0
  8722 | D:7      | Killed Pikel
  8768 | D:7      | Noticed Joseph
  8779 | D:7      | Killed Joseph
  8780 | D:7      | Reached skill level 1 in Evocations
  9034 | D:7      | You are sucked into a shaft and drop 2 floors!
  9054 | D:8      | Identified the +7 scale mail of the Forest {rF- Str+7}
  9182 | D:7      | Found a stormy altar of Qazlal.
  9403 | D:8      | Found a glowing silver altar of Zin.
  9404 | D:8      | Found a glowing golden altar of the Shining One.
  9420 | D:8      | Found a white marble altar of Elyvilon.
  9608 | D:2      | Bought a scroll of acquirement for 520 gold pieces
  9608 | D:2      | Acquired 569 gold pieces
  9610 | D:2      | Bought a scroll of blinking for 75 gold pieces
  9651 | D:4      | Bought a potion of heal wounds for 55 gold pieces
  9705 | D:6      | Bought a masterwork leather armour for 189 gold pieces
  9705 | D:6      | Identified the +3 leather armour of Ru, Dripping {Regen+
                  | rCorr Int-3} (You bought it in a shop on level 6 of the
                  | Dungeon)
  9767 | D:4      | Bought a scroll of summoning for 95 gold pieces
  9951 | D:8      | Reached skill level 7 in Fighting
 10445 | D:9      | Found a transporter.
 10446 | D:9      | Found a transporter.
 10452 | D:9      | Found a transporter.
 10498 | D:9      | Reached *** piety under Makhleb
 10500 | D:9      | Reached skill level 5 in Long Blades
 10500 | D:9      | Reached XP level 11. HP: 62/79 MP: 0/0
 10500 | D:9      | Learned a level 4 spell: Summon Lightning Spire
 10652 | D:9      | Found a staircase to the Orcish Mines.
 10676 | D:9      | Found a transporter.
 10761 | D:9      | Found Isienyas's Assorted Antiques.
 11223 | D:10     | Entered Level 10 of the Dungeon
 11278 | D:10     | Noticed an elephant
 11298 | D:10     | Killed an elephant
 11309 | D:10     | Found a staircase to the Lair.
 11339 | D:10     | Reached skill level 8 in Fighting
 11359 | D:10     | Reached **** piety under Makhleb
 11585 | D:10     | Noticed Grum
 11595 | D:10     | Killed Grum
 11646 | D:10     | Found a transporter.
 11646 | D:10     | Noticed flotson's ghost (journeyman DsDe)
 11735 | D:10     | Reached XP level 12. HP: 71/88 MP: 0/0
 11842 | D:10     | Found a transporter.
 12063 | D:11     | Noticed Erica
 12069 | D:11     | Killed Erica
 12085 | D:11     | Noticed a boulder beetle
 12095 | D:11     | Killed a boulder beetle
 12105 | D:11     | Noticed Snorg
 12141 | D:11     | Killed Snorg
 12295 | D:11     | Noticed a two-headed ogre
 12303 | D:11     | Killed a two-headed ogre
 12304 | D:11     | Reached skill level 10 in Spellcasting
 12351 | D:11     | Found a transporter.
 12352 | D:11     | Found a transporter.
 12354 | D:11     | Noticed a tengu warrior
 12355 | D:11     | Noticed ragingrage's ghost (journeyman MfGl)
 12355 | D:11     | Noticed a two-headed ogre
 12357 | D:11     | Found a bloodstained altar of Trog.
 12445 | D:11     | Noticed a two-headed ogre
 12451 | D:11     | Killed a two-headed ogre
 12452 | D:11     | Reached skill level 9 in Fighting
 12590 | D:11     | Noticed a two-headed ogre
 12609 | D:11     | Killed a two-headed ogre
 13000 | D:10     | HP: 3/89 [flotson's ghost (6)]
 13002 | D:10     | Killed flotson's ghost
 13245 | D:10     | Identified the amulet "Letogioq" {RegenMP Str+3 Dex+4
                  | Stlth+}
 13282 | Lair:1   | Entered Level 1 of the Lair of Beasts
 13446 | Lair:1   | Reached XP level 13. HP: 71/94 MP: 0/0
 13446 | Lair:1   | Learned a level 5 spell: Summon Forest
 13764 | Lair:1   | Noticed a seven-headed hydra
 13769 | Lair:1   | Killed a seven-headed hydra
 14244 | Lair:2   | Reached skill level 10 in Fighting
 14317 | Lair:2   | Noticed a catoblepas
 14331 | Lair:2   | Killed a catoblepas
 14677 | Lair:2   | Reached ***** piety under Makhleb
 15058 | Lair:3   | Reached skill level 10 in Invocations
 15147 | Lair:3   | Found a hole to the Spider Nest.
 15180 | Lair:3   | Found a staircase to the Swamp.
 15199 | Lair:3   | Noticed Amaemon
 15211 | Lair:3   | Killed Amaemon
 15977 | Lair:4   | Noticed a seven-headed hydra
 16106 | Lair:4   | Reached XP level 14. HP: 101/103 MP: 0/0
 16173 | Lair:3   | Reached skill level 11 in Fighting
 17014 | Lair:4   | Found a viscous altar of Jiyva.
 17015 | Lair:4   | Found a staircase to the Slime Pits.
 17187 | Lair:5   | Entered Level 5 of the Lair of Beasts
 17547 | Lair:5   | Reached skill level 10 in Long Blades
 17789 | Lair:5   | Found a large runed translucent door.
 17789 | Lair:5   | Found a large runed translucent door.
 17792 | Lair:5   | Reached ****** piety under Makhleb
 17945 | Lair:5   | Reached skill level 5 in Evocations
 18530 | Lair:5   | Reached skill level 12 in Fighting
 18540 | Lair:5   | Identified the +7 dagger of Objectivity {vorpal, rF+ SInv}
 18756 | D:12     | Reached XP level 15. HP: 112/112 MP: 0/0
 18756 | D:12     | Learned a level 6 spell: Death Channel
 20619 | Abyss:2  | Cast into level 2 of the Abyss (a wizard)
 20754 | Abyss:2  | Noticed an Executioner
 20772 | Abyss:3  | Found a corrupted altar of Lugonu.
 20941 | D:13     | Escaped the Abyss
 21015 | D:14     | Noticed Rupert
 21026 | D:14     | Paralysed by Rupert for 4 turns
 21071 | D:14     | Killed Rupert
 21208 | D:14     | Noticed a green very ugly thing
 21217 | D:14     | Killed a green very ugly thing
 21465 | D:14     | Reached XP level 16. HP: 120/120 MP: 0/0
 21505 | D:14     | Reached skill level 13 in Fighting
 21548 | D:14     | Found a glowing golden altar of the Shining One.
 21741 | D:14     | Found a gate to the Vaults.
 21764 | D:14     | Acquired a +0 kite shield of positive energy
 22064 | D:15     | Entered Level 15 of the Dungeon
 22190 | D:15     | Reached skill level 1 in Shields
 22933 | D:15     | Found a staircase to the Depths.
 22966 | D:15     | Found an ornate altar of the Wu Jian Council.
 23067 | Orc:1    | Entered Level 1 of the Orcish Mines
 23070 | Orc:1    | Found Cogoeri's Antique Armour Shop.
 23357 | Orc:2    | Entered Level 2 of the Orcish Mines
 23357 | Orc:2    | Found Olumiack's General Store.
 23364 | Orc:2    | Found Qiptor's Antique Armour Emporium.
 23372 | Orc:2    | Mangled by an ettin

Illustrated notes

Levels and vault maps discovered:
D:1:      evilmike_arrival_fibonacci_small, layout_basic,
          dreamdust_ecumenical_altar_grove, minmay_split_cup_large
D:2:      layout_loops_ring, serial_shops,
          nicolae_shop_temple_entry_statues_fountains, guppyfry_early_lair_pool,
          uniq_crazy_yiuf_cottage
D:3:      layout_rooms, serial_bayou, serial_bayou_shore_b,
          serial_bayou_lagoon_a, serial_bayou_shore_a, serial_bayou_lagoon_b,
          serial_bayou_pond_a, serial_bayou_ford_a
D:4:      old_forge, layout_loops_ring, gammafunk_temple_overflow_pools,
          minmay_temple_entry_statues_fountains, gammafunk_ghost_icy,
          serial_shops, shop, shop, shop, nicolae_diamond_shop, shop,
          uniq_menkaure, uniq_sigmund
D:5:      layout_cave_pools, mainiacjoe_overflow_chevrons,
          kennysheep_pointless_box, minmay_misc_feat_columns
D:6:      layout_loops_cross, serial_shops, kennysheep_mini,
          minmay_misc_feat_ornament, nicolae_stop_n_shop_2,
          supply_closet_lemuel, hellmonk_bongcloud_opening,
          dreamdust_princess_corridor, minmay_shop_grid_forest,
          hangedman_decor_push, uniq_edmund
D:7:      layout_rooms, grunt_qazlal_sundering, uniq_pikel, uniq_joseph
D:8:      minmay_general_purpose_star, layout_basic, good_gods_temple_1
D:9:      layout_irregular_city, david_orc_3, serial_shops,
          kennysheep_mini_moat, nicolae_diode_quadrants
D:10:     layout_irregular_city, david_lair_generic, gammafunk_ghost_arena,
          uniq_grum
D:11:     layout_long_grid, gammafunk_ghost_wrathful_warriors,
          nicolae_concentric_dashed_squares_wild, uniq_snorg, uniq_erica
D:12:     layout_rooms
D:13:     layout_loops_ring
D:14:     minmay_the_grid_octo_tiled_octocenter_mashed
          [minmay_the_grid_octo_empty, minmay_the_grid_octo_horde,
          minmay_the_grid_octo_clover, minmay_the_grid_octo_concentric,
          minmay_the_grid_octo_prize_star, minmay_the_grid_square_5x5_minivault,
          minmay_the_grid_square_5x5_empty, minmay_the_grid_square_5x5_minimal,
          minmay_the_grid_square_5x5_fat_x], layout_basic, david_vaults_1,
          tso_altar, drop_trap, uniq_rupert
D:15:     gammafunk_enter_depths_forms, layout_rooms,
          pdpol_wu_jian_five_deadly_venoms
Temple:   regret_index_temple_waves
Lair:1:   layout_gridlike
Lair:2:   layout_regular_city, st_stairs_7, infiniplex_staircase_pool_2,
          lemuel_fruit_fields, serial_bayou_shore_b
Lair:3:   layout_loops_ring, swamp_mist, spider_nest_entry_rubble, uniq_amaemon
Lair:4:   layout_long_grid, slime_entry_1, special_room [special_room_bee],
          columned_hall_lemuel
Lair:5:   cheibrodos_lair_end_hotspot, layout_loops_ring
Orc:1:    layout_diamond_mine, serial_shops, nicolae_shop_advertising_works
          [nicolae_subvault_shop_adworks]
Orc:2:    grunt_orc_gardens, layout_diamond_mine, grunt_orc_garden,
          grunt_orc_garden, grunt_orc_garden, grunt_orc_garden,
          gauntlet_entry_generic, mines5_lemuel

Skill      XL: |  1  2  3  4  5  6  7  8  9 10 11 12 13 14 15 16 |
---------------+-------------------------------------------------+-----
Fighting       | 1 2 3 4 5 6 7 8 9 10 12 13 | 13.4
Spellcasting   | 3 4 5 6 7 8 9 10 11 12 | 12.7
Invocations    | 2 3 5 6 7 8 10 11 12 | 12.9
Long Blades    | 2 3 5 6 7 9 10 11 | 11.6
Evocations     | 2 4 5 7 8 |  8.0
Shields        | 2 |  2.6
Dodging        | |  2.1
Stealth        | |  1.5

Action                   |  1- 3 |  4- 6 |  7- 9 | 10-12 | 13-15 | 16-18 || total
-------------------------+-------+-------+-------+-------+-------+-------++-------
Melee: Dagger            |       |       |     4 |       |       |       ||     4
       Double sword      |       |       |    48 |   169 |   183 |     6 ||   406
 Cast: Sting             |    58 |    62 |    39 |       |       |       ||   159
       Poisonous Vapours |       |    10 |    19 |    27 |     6 |       ||    62
       Mephitic Cloud    |       |     6 |    10 |    27 |    17 |    13 ||    73
       Olgreb's Toxic Ra |       |     1 |    14 |    24 |    33 |     5 ||    77
       Stone Arrow       |       |       |    32 |    42 |   322 |   137 ||   533
       Shock             |       |       |     1 |       |       |       ||     1
       Gell's Gravitas   |       |       |     6 |     2 |     1 |       ||     9
       Summon Lightning  |       |       |       |    14 |    23 |    10 ||    47
       Summon Forest     |       |       |       |       |    14 |     4 ||    18
       Death Channel     |       |       |       |       |     2 |       ||     2
       Blink             |       |       |       |       |     1 |       ||     1
Evoke: Wand              |       |       |       |       |     2 |       ||     2
  Use: Scroll            |       |     6 |     6 |     6 |     9 |     5 ||    32
       Potion            |       |       |       |     2 |       |       ||     2
 Stab: Sleeping          |       |       |     1 |     1 |     7 |     1 ||    10
       Confused          |       |       |       |     7 |     4 |       ||    11
Armor: Robe              |     4 |     7 |    22 |     3 |       |       ||    36
       Leather armour    |       |       |       |    63 |   153 |    22 ||   238
Dodge: Dodged            |    27 |    14 |    57 |   196 |   356 |    22 ||   672
Block: Kite shield       |       |       |       |       |       |    26 ||    26

Table legend: (Time is in decaauts)
 A = Elapsed time spent in this place.
 B = Non-inter-level travel time spent in this place.
 C = Inter-level travel time spent in this place.
 D = Time resting spent in this place.
 E = Time spent auto-exploring this place.
 F = Levels seen in this place.
 G = Mean time per level.
                   A        B        C        D        E       F      G
               +--------+--------+--------+--------+--------+-----+--------+
         Total |  23492 |  22083 |   1409 |   2865 |  14328 |  25 |  939.7 |
       Dungeon |  17296 |  16266 |   1030 |   2472 |  10505 |  15 | 1153.1 |
        Temple |    126 |    106 |     20 |      0 |     83 |   1 |  126.0 |
          Lair |   5441 |   5089 |    352 |    318 |   3541 |   5 | 1088.2 |
  Orcish Mines |    305 |    300 |      5 |      0 |    199 |   2 |  152.5 |
         Abyss |    321 |    321 |      0 |     75 |      0 |   2 |  160.5 |
               +--------+--------+--------+--------+--------+-----+--------+

Top non-repeatable levels by time:
     D:4: 2391 daAuts
     D:1: 1568 daAuts
     D:3: 1446 daAuts
  Lair:5: 1407 daAuts
    D:14: 1327 daAuts
    D:10: 1268 daAuts
     D:5: 1238 daAuts
  Lair:3: 1152 daAuts
    D:13: 1122 daAuts
     D:2: 1116 daAuts
  Lair:4: 1085 daAuts
     D:6: 1080 daAuts
    D:15: 928 daAuts
  Lair:1: 904 daAuts
  Lair:2: 890 daAuts
